 Dungeon Crawl Stone Soup version 0.19.0-2-gae57169 (webtiles) character file.

4127 tv1990 the Blocker (level 10, -1/71 HPs)
             Began as a Formicid Monk on Nov 4, 2016.
             Was a Priest of Okawaru.
             Slain by Gastronok (28 damage)
             ... on level 8 of the Dungeon.
             The game lasted 00:24:12 (6825 turns).

tv1990 the Blocker (Formicid Monk)                  Turns: 6825, Time: 00:24:13

Health: -1/71      AC: 17    Str: 16    XL:     10   Next: 51%
Magic:  14/16      EV:  9    Int: 10    God:    Okawaru [***...]
Gold:   332        SH: 21    Dex: 18    Spells: 0 memorised, 9 levels left

rFire  . . .     SeeInvis +     B - +4 war axe
rCold  + . .     Gourm    .     L - +0 plate armour
rNeg   . . .     Faith    .     C - +2 large shield
rPois  .         Spirit   .     (helmet unavailable)
rElec  .         Reflect  .     (no cloak)
rCorr  .         Harm     .     J - +0 pair of gloves
MR     +....                    P - +1 pair of boots
Stlth  ..........               (no amulet)
                                F - ring of protection from cold
                                A - +2 ring of dexterity

@: heroism
A: permanent stasis, dig shafts and tunnels, four strong arms, antennae 3
a: Dig, Shaft Self, Heroism, Renounce Religion


You were on level 8 of the Dungeon.
You worshipped Okawaru.
Okawaru was most pleased with you.
You were not hungry.

You visited 2 branches of the dungeon, and saw 8 of its levels.

You collected 332 gold pieces.

Inventory:

Hand Weapons
 a - a +0 hand axe
 i - a +1 whip of electrocution
 t - a +4 hand axe
 B - a +4 war axe (weapon)
 Q - a +0 battleaxe
Missiles
 z - 4 javelins of returning (quivered)
Armour
 b - a +0 robe
 e - a +0 leather armour
 n - a +0 chain mail
 p - a +0 buckler
 C - a +2 large shield (worn)
 J - a +0 pair of gloves (worn)
 L - a +0 plate armour (worn)
 P - a +1 pair of boots (worn)
Jewellery
 j - an uncursed amulet of harm
 A - a +2 ring of dexterity (left hand)
 F - a ring of protection from cold (right hand)
 K - an uncursed ring of see invisible
Wands
 H - a wand of slowing (25/48)
Scrolls
 d - a scroll of fog {unknown}
 f - a scroll of enchant weapon
 h - 2 scrolls of teleportation {unknown}
 k - 2 scrolls of blinking {unknown}
 l - 2 scrolls of remove curse {unknown}
 m - a scroll of magic mapping {unknown}
 r - 2 scrolls of immolation {unknown}
 s - 3 scrolls of identify
 w - a scroll of amnesia
 y - 2 scrolls of fear {unknown}
 G - 2 scrolls of recharging {unknown}
 N - a scroll of acquirement {unknown}
Potions
 g - a potion of ambrosia
 o - a potion of haste
 q - a potion of magic
 v - a potion of beneficial mutation {unknown}
 x - 4 potions of curing {unknown}
 M - a potion of might {unknown}
 O - a potion of cancellation {unknown}
 T - a potion of berserk rage {unknown}
 U - a potion of mutation {unknown}
Comestibles
 c - 7 bread rations
 u - 2 meat rations
 D - a royal jelly
 I - a slice of pizza
 R - 4 chunks of flesh
 S - a beef jerky


   Skills:
 - Level 4.1(9.1) Fighting
 - Level 9.7(14.7) Axes
 - Level 2.5(7.5) Armour
 - Level 2.6(7.6) Dodging
 - Level 2.4(7.4) Stealth
 - Level 10.0(15.0) Shields
 + Level 8.0 Invocations


You had 9 spell levels left.
You didn't know any spells.

Dungeon Overview and Level Annotations

Branches:
Dungeon (6/15)             Temple (1/1) D:5

Altars:
Ashenzari
Cheibriados
Dithmenos
Elyvilon
Fedhas
Kikubaaqudgha
Makhleb
Okawaru
Ru
Sif Muna
Trog
Uskayaw
Xom
Yredelemnul
Zin

Annotations:
D:8 Gastronok


Innate Abilities, Weirdness & Mutations

You are under a permanent stasis effect.
You can dig through walls and to a lower floor.
Your four strong arms can wield two-handed weapons with a shield.
You have a pair of large antennae on your head. (SInv)


Message History

You hit the rat.
You kill the rat!
The rat's corpse disappears in a puff of smoke!
You hit the river rat. You block the bat's attack.
You slash Gastronok!
Gastronok is heavily wounded.
You completely miss the bat. You hit the river rat.
You feel like a meek peon again. You block the bat's attack.
The bat hits you but does no damage. The river rat closely misses you.
Gastronok bites you!!
* * * LOW HITPOINT WARNING * * *
You slash Gastronok!
Gastronok is heavily wounded.
You closely miss the bat. You closely miss the river rat.
You block the bat's attack. You block the river rat's attack.
Okay, then.
You gain the combat prowess of a mighty hero.
You block the bat's attack. You block the river rat's attack.
Gastronok bites you!!
You die...

#... #......##..
#....##.....%#
#............#
#....$#......##..
#.....#.†.†......
#....####.#####.
#.... #......# ##...
#...b..#
.##...##....@.##
.........)..rw.'....
......####)#####....
.....##......# ... ##
#...##......# ..
...##...##......### #
....................
................)....
......=..............


You could see Gastronok, a river rat and a bat.

Vanquished Creatures
  The ghost of Dustman the Poker, a novice HuGl of Makhleb (D:8)
  Pikel (D:5)
  Grinder (D:6)
  Eustachio (D:4)
  Grum (D:8)
  The ghost of happinesssam the Sneak, an amateur OpWn (D:3)
  An ice beast (D:6)
  An orc warrior (D:6)
  A sky beast (D:6)
  2 phantoms
  3 wolves (D:8)
  4 centaurs
  3 ogres
  4 bullfrogs (D:6)
  A water moccasin skeleton (D:4)
  A howler monkey (D:4)
  4 crimson imps
  A centaur zombie (D:5)
  5 orc priests
  6 orc wizards
  2 iguanas
  Terence (D:2)
  3 worker ants
  A killer bee zombie (D:4)
  A worker ant zombie (D:5)
  10 gnolls
  A howler monkey skeleton (D:4)
  12 adders
  A shadow imp (D:5)
  An adder zombie (D:5)
  An adder skeleton (D:4)
  4 worms
  3 dart slugs
  2 leopard geckos
  20 orcs
  A ball python (D:1)
  9 bats
  8 giant cockroaches
  6 goblins
  6 hobgoblins
  2 quokkas
  2 frilled lizards (D:1)
  9 kobolds
  A leopard gecko skeleton (D:6)
  7 rats
157 creatures vanquished.

Vanquished Creatures (others)
  3 slaves (D:5)
  A killer bee (D:5)
  A crimson imp (D:5)
  A bullfrog skeleton (D:5)
  A worker ant (D:5)
  2 shadow imps (D:5)
  An adder zombie (D:5)
  A leopard gecko (D:5)
  A giant cockroach (D:5)
12 creatures vanquished.

Grand Total: 169 creatures vanquished

Notes
Turn   | Place    | Note
-------+----------+-------------------------------------------
     0 | D:1      | tv1990 the Formicid Monk began the quest for the Orb.
     0 | D:1      | Reached XP level 1. HP: 18/18 MP: 1/1
   111 | D:1      | Reached XP level 2. HP: 13/24 MP: 2/2
   421 | D:1      | Reached XP level 3. HP: 6/29 MP: 3/3
   921 | D:1      | Reached skill level 1 in Armour
  1153 | D:2      | Reached XP level 4. HP: 18/35 MP: 4/4
  1345 | D:2      | Noticed Terence
  1372 | D:2      | Killed Terence
  1522 | D:2      | Reached skill level 1 in Shields
  1644 | D:2      | Reached XP level 5. HP: 41/41 MP: 5/5
  1948 | D:3      | Noticed happinesssam's ghost (amateur OpWn)
  1959 | D:3      | Killed happinesssam's ghost
  1959 | D:3      | Reached skill level 5 in Axes
  1959 | D:3      | Reached skill level 2 in Shields
  1959 | D:3      | Reached XP level 6. HP: 48/48 MP: 6/6
  2411 | D:3      | Reached skill level 3 in Shields
  2810 | D:4      | Reached XP level 7. HP: 44/54 MP: 7/7
  2971 | D:4      | Noticed Eustachio
  3033 | D:4      | Killed Eustachio
  3033 | D:4      | Reached skill level 4 in Shields
  3362 | D:4      | Reached skill level 5 in Shields
  3362 | D:4      | Reached XP level 8. HP: 58/60 MP: 8/8
  3730 | D:5      | Entered Level 5 of the Dungeon
  3857 | D:5      | Noticed Pikel
  3891 | D:5      | Killed Pikel
  3891 | D:5      | Reached skill level 6 in Shields
  3891 | D:5      | Reached XP level 9. HP: 8/65 MP: 9/9
  4163 | D:5      | Reached skill level 7 in Shields
  4561 | D:5      | Found a staircase to the Ecumenical Temple.
  4583 | Temple   | Entered the Ecumenical Temple
  4687 | Temple   | Became a worshipper of Warmaster Okawaru
  4687 | Temple   | Reached * piety under Okawaru
  4687 | Temple   | Reached ** piety under Okawaru
  4975 | D:5      | Reached skill level 1 in Invocations
  5330 | D:6      | Reached skill level 8 in Shields
  5731 | D:6      | Gained mutation: Your muscles are strong. (Str +2) [mutagenic meat]
  5732 | D:6      | Gained mutation: You are partially covered in thin metallic scales. (AC +2) [mutagenic meat]
  5733 | D:6      | Gained mutation: Your body sometimes deteriorates upon taking damage. [mutagenic meat]
  5735 | D:6      | Gained mutation: You are frail. (-10% HP) [mutagenic meat]
  5736 | D:6      | Lost mutation: Your muscles are strong. (Str +2) [mutagenic meat]
  5848 | D:6      | Noticed Grinder
  5864 | D:6      | Killed Grinder
  5864 | D:6      | Reached *** piety under Okawaru
  5864 | D:6      | Reached XP level 10. HP: 48/63 MP: 11/13
  5900 | D:6      | Reached skill level 9 in Shields
  5900 | D:6      | Reached skill level 5 in Invocations
  6611 | D:6      | Lost mutation: You are frail. (-10% HP) [potion of cure mutation]
  6611 | D:6      | Lost mutation: Your body sometimes deteriorates upon taking damage. [potion of cure mutation]
  6611 | D:6      | Lost mutation: You are partially covered in thin metallic scales. (AC +2) [potion of cure mutation]
  6634 | D:6      | Noticed a hill giant
  6636 | D:6      | You fall through a shaft for 2 floors!
  6637 | D:8      | Noticed Grum
  6674 | D:8      | Killed Grum
  6678 | D:8      | Reached skill level 10 in Shields
  6687 | D:8      | Noticed Dustman's ghost (novice HuGl)
  6759 | D:8      | Found a shadowy altar of Dithmenos.
  6799 | D:8      | Noticed Gastronok
  6817 | D:8      | Killed Dustman's ghost
  6825 | D:8      | Slain by Gastronok

Skill      XL: |  1  2  3  4  5  6  7  8  9 10 |
---------------+-------------------------------+-----
Armour         | 1 2 |  2.5
Axes           | 4 5 7 9 |  9.7
Shields        | 1 2 3 5 6 8 10 | 10.0
Fighting       | 4 |  4.1
Invocations    | 4 8 |  8.0
Dodging        | |  2.6
Stealth        | |  2.4

Action                   |  1- 3 |  4- 6 |  7- 9 | 10-12 || total
-------------------------+-------+-------+-------+-------++-------
Melee: Hand axe          |   125 |   165 |   346 |       ||   636
       War axe           |       |       |    28 |    88 ||   116
Throw: Javelin           |       |       |     4 |       ||     4
Invok: Heroism           |       |       |     2 |     3 ||     5
 Abil: Dig               |       |     4 |     9 |     3 ||    16
       Shaft Self        |       |       |       |     1 ||     1
  Use: Scroll            |     3 |     4 |       |     1 ||     8
       Potion            |       |     1 |     4 |     2 ||     7
 Stab: Sleeping          |     4 |       |       |       ||     4
       Distracted        |       |       |     1 |       ||     1
  Eat: Chunk             |     1 |     6 |    18 |     3 ||    28
Armor: Leather armour    |    50 |       |       |       ||    50
       Chain mail        |     7 |    75 |   146 |       ||   228
       Skin              |       |     5 |       |       ||     5
       Plate armour      |       |       |     7 |    29 ||    36
Dodge: Dodged            |    82 |    35 |    85 |    12 ||   214
Block: Buckler           |       |    21 |    78 |     9 ||   108
       Large shield      |       |       |       |    70 ||    70

Table legend:
 A = Turns spent in this place as a percentage of turns spent in the entire game.
 B = Non-inter-level travel turns spent in this place as a percentage of non-inter-level travel turns spent in the entire game.
 C = Inter-level travel turns spent in this place as a percentage of turns spent in this place.
 D = Turns resting spent in this place as a percentage of non-inter-level travel turns spent in this place.
 E = Turns spent auto-exploring this place as a percentage of non-inter-level travel turns spent in this place.
 F = Non-inter-level travel turns spent in this place divided by the number of levels of this place that you've seen.
                   A       B       C       D       E      F
               +-------+-------+-------+-------+-------+----------------------
         Total | 100.0 | 100.0 |   0.3 |   3.1 |  13.8 | 232.2
       Dungeon |  97.7 |  97.7 |   0.3 |   3.2 |  14.0 | 259.4
        Temple |   2.3 |   2.3 |   0.0 |   0.0 |   2.4 |  42.0
               +-------+-------+-------+-------+-------+----------------------

Table legend:
 A = Kills in this place as a percentage of kills in entire the game.
 B = Kills by you in this place as a percentage of kills by you in the entire game.
 C = Kills by friends in this place as a percentage of kills by friends in the entire game.
 D = Other kills in this place as a percentage of other kills in the entire game.
 E = Experience gained in this place as a percentage of experience gained in the entire game.
 F = Experience gained in this place divided by the number of levels of this place that you have seen.
                   A       B       C       D       E      F
               +-------+-------+-------+-------+-------+----------------------
         Total | 100.0 | 100.0 |  -nan |  -nan | 100.0 | 737.1
       Dungeon | 100.0 | 100.0 |  -nan |  -nan | 100.0 | 842.4
               +-------+-------+-------+-------+-------+----------------------

Vault maps used:
D:1:      dpeg_arrival_tiny_a
D:2:      serial_forest, infiniplex_forest_straight_2,
          infiniplex_forest_lined_room_3, infiniplex_forest_lined_3,
          infiniplex_forest_end_2, infiniplex_forest_clump_curved,
          infiniplex_forest_end_2, uniq_terence
D:3:      serial_forest, infiniplex_forest_lined_2,
          infiniplex_forest_clump_medium, infiniplex_forest_zigzag_2,
          infiniplex_forest_clump_small, infiniplex_forest_end_3,
          infiniplex_forest_join, infiniplex_forest_clump_diagonal,
          infiniplex_forest_zigzag_1, nicolae_underground_beach
D:4:      uniq_eustachio
D:5:      first_bread, grunt_ministairs_15, minmay_joined_circles, uniq_pikel
D:6:      lemuel_upstairs_altar, grunt_ministairs_1, uniq_crazy_yiuf_cottage,
          uniq_grinder
D:8:      basic_altar, uniq_prince_ribbit1, uniq_gastronok, uniq_maurice,
          uniq_grum
Temple:   kilobyte_greek_temple
